 Dungeon Crawl Stone Soup version 0.30-a0-1157-g2cc9ac7196 (webtiles) character file.

Game seed: 9638672154197642987

59084 BigDaddyOpFi the Armataur Cataclysm (level 14, -5/130 HPs)
             Began as an Armataur Fighter on Apr 24, 2023.
             Was a High Priest of Qazlal.
             Slain by a skyshark (12 damage)
             ... on level 5 of the Lair of Beasts.
             The game lasted 00:38:49 (29939 turns).

BigDaddyOpFi the Armataur Cataclysm (AtFi)         Turns: 29939, Time: 00:38:49

Health: -5/130     AC: 24    Str: 28    XL:     14   Next: 51%
Magic:  24/24      EV: 11    Int: 13    God:    Qazlal [*****.]
Gold:   1068       SH:  7    Dex: 16    Spells: 13/13 levels left

rFire   . . .        i - +5 woodcutter's axe
rCold   . . .        (shield currently unavailable)
rNeg    + + .        Y - +1 plate armour
rPois   .            s - +1 helmet of Uppabbo {*Corrode rN++ Will+}
rElec   +            m - +0 cloak
rCorr   .            c - +1 pair of gloves "Naol" {Drain rElec Int+3}
SInv    .            (no barding)
Will    ++...        a - amulet "Onudev" {RegenMP Str+3 Slay+2} Stlth
                     j - +5 ring of evasion
HPRegen 0.41/turn    T - +6 ring of dexterity
MPRegen 0.59/turn

%: corrode self (3%), repel missiles, roll
@: protected from physical damage
A: large, rugged brown scales 3, deformed body, armoured tail, roll, long
tongue, awkward tongue
a: Renounce Religion, Upheaval, Elemental Force, Disaster Area


You were on level 5 of the Lair of Beasts.
You worshipped Qazlal.
Qazlal was extremely pleased with you.
You visited 3 branches of the dungeon, and saw 19 of its levels.
You also visited: Ossuary and Gauntlet.

You collected 1239 gold pieces.
You spent 171 gold pieces at shops.

Inventory:

Hand Weapons
 i - the +5 woodcutter's axe (weapon)
   (You took it off a gnoll sergeant on level 4 of the Dungeon)
 p - the +6 flail of the Leaping Soothsayer {protect, rC+}
   (You took it off a minotaur in a Gauntlet)

   rC:        It protects you from cold.
Missiles
 X - 6 silver javelins
Armour
 c - the +1 pair of gloves "Naol" (worn) {Drain rElec Int+3}
   (You found it in a Gauntlet)

   Int:       It affects your intelligence (+3).
   rElec:     It insulates you from electricity.
   Drain:     It drains your maximum health when unequipped.
 m - a +0 cloak (worn)
 s - the +1 helmet of Uppabbo (worn) {*Corrode rN++ Will+}
   (You found it on level 2 of the Lair of Beasts)

   rN:        It greatly protects you from negative energy.
   *Corrode:  It may corrode you when you take damage.
   Will:      It increases your willpower.
 O - the +3 chain mail of the Assorted Runes {Int+2}
   (You bought it in a shop on level 11 of the Dungeon)

   Int:       It affects your intelligence (+2).
 Y - a +1 plate armour (worn)
Jewellery
 a - the amulet "Onudev" (around neck) {RegenMP Str+3 Slay+2}
   (You took it off a tengu warrior on level 11 of the Dungeon)

   [amulet of magic regeneration]

   It increases your rate of magic regeneration.
   Str:       It affects your strength (+3).
   Slay:      It affects your accuracy & damage with ranged weapons and melee
   (+2).
 j - a +5 ring of evasion (left hand)
 y - a ring of protection from fire
 D - a ring of fire
 H - a ring of flight
 K - a +6 ring of strength
 Q - the ring "Bewkiora" {Ice Will- rCorr Int+3 SInv}
   (You found it on level 11 of the Dungeon)

   [ring of ice]

   It enhances your ice magic.
   Int:       It affects your intelligence (+3).
   rF:        It makes you vulnerable to fire.
   rC:        It protects you from cold.
   SInv:      It lets you see invisible.
   rCorr:     It protects you from acid and corrosion.
   Will:      It decreases your willpower.
 T - a +6 ring of dexterity (right hand)
Wands
 b - a wand of polymorph (20)
 n - a wand of mindburst (16)
 C - a wand of charming (14) (quivered)
 I - a wand of roots (4)
 J - a wand of digging (8)
 Z - a wand of flame (16)
Scrolls
 e - 4 scrolls of butterflies
 f - 3 scrolls of silence
 l - 2 scrolls of amnesia
 r - a scroll of fog
 t - 2 scrolls of poison
 u - 2 scrolls of vulnerability
 x - a scroll of noise
 z - 2 scrolls of magic mapping
 B - 4 scrolls of enchant weapon
 G - a scroll of immolation
 L - a scroll of fear
 N - a scroll of acquirement {unknown}
 U - a scroll of teleportation
 W - 7 scrolls of identify
Potions
 g - 6 potions of brilliance
 h - 4 potions of mutation
 o - a potion of lignification
 q - 2 potions of attraction {unknown}
 v - 2 potions of might
 w - 2 potions of flight {unknown}
 A - 2 potions of degeneration
 E - a potion of berserk rage {unknown}
 F - a potion of magic {unknown}
Miscellaneous
 d - a piece from Xom's chessboard (15/15)
 k - a tin of tremorstones (2/2)
 S - a lightning rod (4/4)


   Skills:
 + Level 10.5 Fighting
 + Level 9.5 Axes
 + Level 13.4 Armour
 + Level 12.4 Shields
 * Level 14.4 Invocations


You had 13 spell levels left.
You didn't know any spells.
Your spell library contained the following spells:

 Spells                   Type           Power      Damage    Failure   Level
 Apportation              Tloc           0%         N/A       90%         1
 Beastly Appendage        Tmut           0%         N/A       90%         1
 Freeze                   Ice            0%         1d3       90%         1
 Necrotise                Necr           0%         1d4       90%         1
 Ensorcelled Hibernation  Hex/Ice        0%         N/A       97%         2
 Passwall                 Tmut/Erth      0%         N/A       97%         2
 Static Discharge         Conj/Air       0%         2-2/arc   97%         2
 Wereblood                Tmut           0%         N/A       97%         2
 Frozen Ramparts          Ice            0%         1d1       99%         3
 Hailstorm                Conj/Ice       0%         3d3       99%         3
 Inner Flame              Hex/Fire       0%         N/A       99%         3
 Spider Form              Tmut/Pois      0%         N/A       99%         3
 Swiftness                Air            0%         N/A       99%         3
 Vampiric Draining        Necr           0%         2d6       99%         3
 Airstrike                Air            0%         2d(0-16)  100%        4
 Anguish                  Hex/Necr       0%         N/A       100%        4
 Animate Dead             Necr           0%         N/A       100%        4
 Flame Wave               Conj/Fire      0%         2d4       100%        4
 Ice Form                 Ice/Tmut       0%         N/A       100%        4
 Passage of Golubria      Tloc           0%         N/A       100%        4
 Sticky Flame             Conj/Fire      0%         2d3       100%        4
 Summon Lightning Spire   Summ/Air       0%         N/A       100%        4
 Agony                    Necr           0%         N/A       100%        5
 Alistair's Intoxication  Tmut/Pois      0%         N/A       100%        5
 Borgnjor's Vile Clutch   Necr/Erth      0%         N/A       100%        5
 Silence                  Hex/Air        0%         N/A       100%        5
 Summon Forest            Summ/Tloc      0%         N/A       100%        5
 Summon Mana Viper        Hex/Summ       0%         N/A       100%        5
 Death Channel            Necr           0%         N/A       100%        6
 Simulacrum               Ice/Necr       0%         N/A       100%        6
 Summon Cactus Giant      Summ           0%         N/A       100%        6
 Enfeeble                 Hex            0%         N/A       100%        7
 Lehudib's Crystal Spear  Conj/Erth      0%         10d2      100%        8


Dungeon Overview and Level Annotations

Branches:
Dungeon (13/15)            Temple (1/1) D:5            Lair (5/5) D:11
 Shoals (0/4) Lair:3       Spider (0/4) Lair:3        Slime (0/5) Lair:4
    Orc (0/2) D:12        Ossuary (visited)         Gauntlet (visited)
 Vaults: D:13-14

Altars:
Ashenzari
Dithmenos
Elyvilon
Fedhas
Gozag
Hepliaklqana
Kikubaaqudgha
Makhleb
Nemelex Xobeh
Okawaru
Qazlal
Ru
Sif Muna
Trog
Uskayaw
Vehumet
Wu Jian
Xom
Yredelemnul
Zin
The Shining One
Jiyva

Shops:
D:11 [

Portals:
Abyss: Lair:1

Annotations:
D:7 5 transporters
Temple 2 transporters
Lair:1 2 transporters, exclusion: 3 oklob plants, Diusamoe's ghost, journeyman OpBr
Lair:3 exclusion: oklob plant


Innate Abilities, Weirdness & Mutations

You are completely covered in rugged brown scales. (AC +3, +7% HP)
Armour fits poorly on your strangely shaped body.
You have a long armoured tail.
You roll when moving toward enemies. (Rampage)
Your long tongue fully drains potion bottles. (2x potion effects)
Your tongue gives you trouble enunciating. (1.5x scroll delay)


Message History

The blink frog looks frightened!
The skyshark is unaffected.
The blink frog looks frightened!
The bullfrog looks frightened!
The elephant looks frightened!
You hear a roar!
You hear a trumpeting!
The blink frog blinks!
You block the skyshark's attack. The skyshark tail-slaps you.
* * * LOW HITPOINT WARNING * * *
The skyshark tail-slaps you but does no damage.
The skyshark barely misses you.
The skyshark tail-slaps you but does no damage.
The skyshark tail-slaps you.
* * * LOW HITPOINT WARNING * * *
The blink frog blinks!
Blink to where?
Press: ? - help, Dir - move target As you slowly read the scroll of blinking, it crumbles to dust.
Okay, then.
Okay, then.
You hear a trumpeting!
You hear a croak.
You hear a trumpeting!
Okay, then.
As you slowly read the scroll of fog, it crumbles to dust.
The scroll dissolves into smoke.
The skyshark bites you but does no damage.
You block the skyshark's attack.
The skyshark tail-slaps you but does no damage.
The skyshark closely misses you. The skyshark barely misses you.
The skyshark tail-slaps you!
* * * LOW HITPOINT WARNING * * *
You feel protected from physical attacks.
You hear a loud, deep croak!
The skyshark bites you but does no damage.
The skyshark closely misses you.
The skyshark tail-slaps you but does no damage.
You hear a roar!
You see here 4 stones.
The skyshark barely misses you. The skyshark tail-slaps you.
* * * LOW HITPOINT WARNING * * *
The skyshark tail-slaps you but does no damage.
The skyshark attacks as you move away! The skyshark bites you!
You die...

##.....Y#####...P~~.~~.......
# #.....### ##.......~....P.~
..##....## #.#........##.#~.
.#.....## #.§§§§..P#.Y##.#.
........### #§#§§§...#### ##
#.........## ##§§§§§.##
#..#......P# ##F.§§§##
#####.#....### #l°.#.##
##.......###@.○.##
##...........○##
###...<.....## #.........##
#..........# #..##........#
### #P...#.#.# #..#######
####


You could see a skyshark (berserk) and a blink frog.

Vanquished Creatures
  A minotaur (Gauntlet)
  2 dire elephants (Lair:3)
  Fannar (Lair:1)
  5 hydras
  2 boulder beetles
  A catoblepas (Lair:1)
  2 centaur warriors
  2 alligators (Lair:3)
  Erolcha (D:9)
  7 two-headed ogres
  A tengu warrior (D:11)
  4 death yaks
  A skyshark (Lair:4)
  A goliath frog (Lair:5)
  Pikel (D:6)
  An orc knight (D:11)
  2 deep elf pyromancers (D:12)
  A cyclops (D:11)
  A manticore (D:11)
  4 ugly things
  11 elephants
  Joseph (D:9)
  A torpor snail (Gauntlet)
  17 cane toads
  2 gargoyles
  Maggie (D:6)
  An unseen horror (D:12)
  A kobold demonologist (D:12)
  A rime drake (Lair:2)
  An efreet (Gauntlet)
  8 komodo dragons
  3 yaktaurs (D:11)
  A meliai (Lair:3)
  5 trolls
  2 polar bears (Lair:3)
  4 dream sheep (Lair:4)
  13 blink frogs
  3 shadows
  5 wraiths
  A slime creature (D:12)
  3 wyverns
  A vampire (D:10)
  38 yaks
  A fire elemental (Gauntlet)
  3 steam dragons
  4 basilisks
  7 vampire mosquitoes
  An acid dragon (D:10)
  2 hell hounds (Gauntlet)
  8 water moccasins
  4 orc warriors
  2 ice beasts (D:6)
  2 black bears (Lair:3)
  A sky beast (D:7)
  3 ogres (D:5)
  11 wolves
  4 lemures (D:6)
  5 centaurs
  3 phantoms
  7 kobold brigands
  20 bullfrogs
  2 gnoll sergeants
  6 scorpions
  4 wights (D:7)
  9 killer bees
  4 howler monkeys (D:9)
  3 vampire bats (D:10)
  4 electric eels
  A centaur zombie (Ossuary)
  10 orc priests
  8 hounds
  Crazy Yiuf (D:6)
  2 sleepcaps (D:5)
  A gnoll bouda (D:4)
  3 iguanas (D:6)
  Ijyb (D:3)
  11 orc wizards
  7 hell rats (Lair:2)
  6 mummies (Ossuary)
  23 gnolls
  14 adders
  7 river rats (Lair:2)
  2 shadow imps (D:5)
  6 white imps
  2 ufetubi (D:4)
  A worm (D:2)
  3 dart slugs
  33 orcs
  3 ball pythons
  A bat skeleton (D:10)
  5 bat zombies (D:10)
  13 endoplasms
  3 giant cockroaches
  5 goblins
  11 hobgoblins
  2 jackals (D:3)
  19 kobolds
  3 quokkas
  5 bats
  2 frilled lizards
  5 hobgoblin zombies (Ossuary)
  11 rats
515 creatures vanquished.

Vanquished Creatures (collateral kills)
  An efreet (D:11)
1 creature vanquished.

Vanquished Creatures (others)
  A demonic plant (Gauntlet)
  31 fungi
  66 plants
98 creatures vanquished.

Grand Total: 614 creatures vanquished

Notes
Turn   | Place    | Note
-------+----------+-------------------------------------------
     0 | D:1      | BigDaddyOpFi the Armataur Fighter began the quest for the
                  | Orb.
     0 | D:1      | Reached XP level 1. HP: 19/19 MP: 1/1
   191 | D:1      | Reached XP level 2. HP: 26/26 MP: 2/2
   692 | D:2      | Found a faded altar of an unknown god.
   888 | D:2      | Reached XP level 3. HP: 26/33 MP: 3/3
  1773 | D:3      | Reached XP level 4. HP: 40/40 MP: 4/4
  1877 | D:3      | Found a large runed translucent door.
  1877 | D:3      | Found a large runed translucent door.
  1884 | D:3      | Noticed a scorpion
  1892 | D:3      | Killed a scorpion
  1958 | D:3      | Reached XP level 5. HP: 43/48 MP: 5/5
  2133 | D:3      | Noticed Ijyb
  2148 | D:3      | Killed Ijyb
  2395 | D:3      | Noticed a phantom
  2407 | D:3      | Killed a phantom
  2408 | D:3      | Reached skill level 5 in Armour
  2776 | D:3      | Found a shadowy altar of Dithmenos.
  2791 | D:3      | Found a hide-covered altar of Uskayaw.
  2829 | D:4      | Reached XP level 6. HP: 46/55 MP: 6/6
  3370 | D:4      | Reached skill level 5 in Shields
  4507 | D:4      | Reached XP level 7. HP: 27/64 MP: 7/7
  5061 | D:5      | Entered Level 5 of the Dungeon
  5276 | D:5      | Found a staircase to the Ecumenical Temple.
  5334 | Temple   | Entered the Ecumenical Temple
  5334 | Temple   | Found a transporter.
  5334 | Temple   | Found a transporter.
  5336 | Temple   | Found a transporter.
  5336 | Temple   | Found a transporter.
  5355 | Temple   | Became a worshipper of Qazlal Stormbringer
  5539 | D:5      | Reached skill level 1 in Invocations
  5724 | D:5      | Reached skill level 2 in Invocations
  5919 | D:5      | Reached XP level 8. HP: 38/71 MP: 9/9
  6085 | D:5      | Reached * piety under Qazlal
  6227 | D:5      | Reached skill level 5 in Fighting
  6241 | D:5      | Reached skill level 3 in Invocations
  7499 | D:6      | Found a sand-covered staircase.
  7507 | Ossuary  | Entered an ossuary
  7512 | Ossuary  | Reached skill level 4 in Invocations
  7680 | D:6      | Noticed Pikel
  7680 | D:6      | Noticed a brown ugly thing
  7709 | D:6      | Killed a brown ugly thing
  7710 | D:6      | Reached XP level 9. HP: 79/79 MP: 12/12
  7760 | D:6      | Killed Pikel
  7761 | D:6      | Reached skill level 5 in Invocations
  7764 | D:6      | Reached skill level 5 in Axes
  7768 | D:6      | Reached ** piety under Qazlal
  8029 | D:6      | Noticed Maggie
  8058 | D:6      | Killed Maggie
  8059 | D:6      | Reached skill level 6 in Invocations
  8539 | D:6      | Found a runed translucent door.
  8540 | D:6      | Noticed Crazy Yiuf
  8701 | D:6      | Killed Crazy Yiuf
  8742 | D:7      | You fall into a shaft and drop 1 floor!
  9468 | D:7      | Found a transporter.
  9469 | D:7      | Noticed a troll
  9469 | D:7      | Noticed a komodo dragon
  9470 | D:7      | Found a transporter.
  9474 | D:7      | Noticed a deep elf pyromancer
  9508 | D:7      | Found a transporter.
  9521 | D:7      | Reached XP level 10. HP: 89/89 MP: 15/15
  9541 | D:7      | Found a transporter.
  9557 | D:7      | Found a transporter.
  9689 | D:7      | Reached skill level 7 in Invocations
  9988 | D:8      | Noticed a cyan ugly thing
  9998 | D:8      | Killed a cyan ugly thing
 10795 | D:8      | Identified the staff of death "Plog" {rC+ rN+ Dex+5}
 10908 | D:8      | Noticed a cyan ugly thing
 10920 | D:8      | Killed a cyan ugly thing
 11296 | D:9      | Noticed Erolcha
 11303 | D:9      | Killed Erolcha
 11304 | D:9      | Reached skill level 8 in Invocations
 11313 | D:9      | Noticed a centaur warrior
 11319 | D:9      | HP: 2/89 [centaur warrior/arrow (12)]
 11327 | D:9      | Killed a centaur warrior
 11551 | D:9      | Noticed a two-headed ogre
 11557 | D:9      | Killed a two-headed ogre
 11603 | D:9      | Noticed a two-headed ogre
 11609 | D:9      | Killed a two-headed ogre
 11610 | D:9      | Reached XP level 11. HP: 78/98 MP: 17/17
 11807 | D:9      | Noticed a boulder beetle
 11810 | D:9      | Reached *** piety under Qazlal
 11819 | D:9      | Reached skill level 9 in Invocations
 12260 | D:9      | Killed a boulder beetle
 12352 | D:9      | Noticed Joseph
 12362 | D:9      | Killed Joseph
 13299 | D:10     | Entered Level 10 of the Dungeon
 13721 | D:10     | Reached skill level 10 in Armour
 13890 | D:10     | Reached **** piety under Qazlal
 14404 | D:10     | Found an ancient bone altar of Kikubaaqudgha.
 14686 | D:11     | Noticed a two-headed ogre
 14694 | D:11     | Killed a two-headed ogre
 14695 | D:11     | Reached skill level 10 in Invocations
 15884 | D:11     | Noticed a two-headed ogre
 16211 | D:10     | Killed a two-headed ogre
 16685 | D:11     | Found a staircase to the Lair.
 17335 | D:11     | Found Wiurimn's Antique Armour Shoppe.
 17341 | D:11     | Bought a dazzling chain mail for 171 gold pieces
 17341 | D:11     | Identified the +3 chain mail of the Assorted Runes {Int+2}
                  | (You bought it in a shop on level 11 of the Dungeon)
 17372 | D:11     | Noticed a two-headed ogre
 17386 | D:11     | Reached XP level 12. HP: 56/108 MP: 19/19
 17389 | D:11     | HP: 5/108 [two-headed ogre/+0 giant spiked club (16)]
 17399 | D:11     | Killed a two-headed ogre
 17399 | D:11     | Noticed a two-headed ogre
 17947 | D:11     | Noticed a two-headed ogre
 17957 | D:11     | Killed a two-headed ogre
 17994 | D:11     | Killed a two-headed ogre
 17995 | D:11     | Reached skill level 10 in Shields
 18119 | D:11     | Found a runed translucent door.
 18187 | D:11     | Identified the ring of Doubts {rPois Will+ Slay-3 SInv}
 18190 | D:11     | Reached skill level 11 in Invocations
 18653 | D:11     | Identified the amulet "Onudev" {RegenMP Str+3 Slay+2}
 18653 | D:11     | Noticed a tengu warrior
 18663 | D:11     | Killed a tengu warrior
 19088 | D:11     | Found a runed translucent door.
 19088 | D:11     | Noticed a centaur warrior
 19561 | D:11     | Identified the ring "Bewkiora" {Ice Will- rCorr Int+3 SInv}
 19564 | D:11     | Identified the ring of the Wild Haggis {Wiz rElec rCorr
                  | Str-3}
 19614 | D:11     | Killed a centaur warrior
 20552 | D:12     | Found a staircase to the Orcish Mines.
 20683 | D:12     | Reached ***** piety under Qazlal
 21736 | Lair:1   | Entered Level 1 of the Lair of Beasts
 21948 | Lair:1   | Reached skill level 12 in Invocations
 22157 | Lair:1   | Found a dark tunnel.
 22181 | Lair:1   | Noticed a catoblepas
 22198 | Lair:1   | Killed a catoblepas
 22199 | Lair:1   | Reached XP level 13. HP: 64/118 MP: 22/22
 22214 | Lair:1   | Noticed Fannar
 22223 | Lair:1   | Killed Fannar
 22430 | Lair:1   | Found a transporter.
 22454 | Lair:1   | Found a one-way gate to the infinite horrors of the Abyss.
 22455 | Lair:1   | Found a transporter.
 22585 | Lair:1   | Noticed Diusamoe's ghost (journeyman OpBr)
 23153 | Lair:2   | Found a gate leading to a gauntlet.
 23176 | Gauntlet | Entered a Gauntlet
 23176 | Gauntlet | Found a transporter.
 23176 | Gauntlet | Found a transporter.
 23575 | Gauntlet | Found a transporter.
 23575 | Gauntlet | Found a transporter.
 23579 | Gauntlet | Found a transporter.
 23579 | Gauntlet | Found a transporter.
 23613 | Gauntlet | Found a transporter.
 23617 | Gauntlet | Found a transporter.
 23621 | Gauntlet | Found a runed translucent door.
 23623 | Gauntlet | Found a runed translucent door.
 23624 | Gauntlet | Noticed a blizzard demon
 23635 | Gauntlet | Found a transporter.
 23652 | Gauntlet | Found a transporter.
 23669 | Gauntlet | Found a transporter.
 23670 | Gauntlet | Found a transporter.
 24318 | Gauntlet | Identified the amulet of Duvuh {RegenMP rElec rCorr}
 24343 | Gauntlet | Identified the +6 flail of the Leaping Soothsayer {protect,
                  | rC+}
 24343 | Gauntlet | Noticed a minotaur
 24353 | Gauntlet | Killed a minotaur
 24364 | Gauntlet | Identified the +1 pair of gloves "Naol" {Drain rElec Int+3}
 24783 | Lair:2   | Identified the +1 helmet of Uppabbo {*Corrode rN++ Will+}
 25782 | Lair:3   | Reached skill level 13 in Invocations
 25792 | Lair:3   | Found a staircase to the Shoals.
 26037 | Lair:3   | Noticed a dire elephant
 26040 | Lair:3   | Noticed a dire elephant
 26044 | Lair:3   | Killed a dire elephant
 26053 | Lair:3   | Killed a dire elephant
 26059 | Lair:3   | Reached skill level 10 in Fighting
 26210 | Lair:3   | Reached XP level 14. HP: 108/129 MP: 24/24
 26219 | Lair:3   | HP: 4/129 [alligator (7)]
 26862 | Lair:3   | Found a hole to the Spider Nest.
 27847 | Lair:3   | Got the Parchment of the Autopsy
 28048 | Lair:4   | Found a viscous altar of Jiyva.
 28048 | Lair:4   | Found a staircase to the Slime Pits.
 28298 | Lair:4   | Reached skill level 14 in Invocations
 28923 | Lair:5   | Entered Level 5 of the Lair of Beasts
 29935 | Lair:5   | HP: 6/130 [skyshark (8)]
 29939 | Lair:5   | Slain by a skyshark

Illustrated notes

Levels and vault maps discovered:
D:1:      minmay_arrival_four_circles, layout_loops_ring, feat_on_display
D:2:      layout_basic, nicolae_ecumenical_oubliette
D:3:      layout_basic, jmf_multi_god_temple2, eino_tiny_chamber,
          kennysheep_minor_cross, hangedman_decor_diamond_cutter, uniq_ijyb
D:4:      layout_rooms, pf_guarded_unrand_woodcutter
D:5:      minmay_thinvault, layout_basic, minmay_temple_entry_ruins
D:6:      layout_basic, nicolae_ossuary_entry_ruins, minmay_misc_feat_room,
          hellmonk_bongcloud_opening, dk_noncrumbling_4, uniq_pikel,
          uniq_crazy_yiuf_cottage, uniq_maggie
D:7:      gammafunk_the_bubble [the_bubble_gammafunk_roulette], layout_rooms,
          chequers_decorated_corner
D:8:      minmay_tri_box, layout_basic, fungi_pond_lemuel
D:9:      layout_basic, minmay_three_doors, uniq_joseph, uniq_erolcha
D:10:     layout_roguey, kennysheep_vampire_church
D:11:     minmay_the_grid_triangle_9x9_rhombus_full_mashed
          [minmay_the_grid_triangle_9x9_pentomino_pain,
          minmay_the_grid_triangle_9x9_odd_lines,
          minmay_the_grid_triangle_9x9_swiss_cheese,
          minmay_the_grid_triangle_9x9_tough_junction,
          minmay_the_grid_triangle_9x9_from_above,
          minmay_the_grid_triangle_9x9_descending_squares,
          minmay_the_grid_triangle_9x9_longest,
          minmay_the_grid_triangle_9x9_prize_special], layout_layer_cave,
          erik_lair_island, serial_shops, nicolae_shop_real_fake_doors
D:12:     layout_basic, orc_0_dummy, kennysheep_small_circle
D:13:     layout_loops_corners, david_vaults_4, biasface_ghost_orc_armoury,
          portal_ice_cave_entry_pillars_2, minivault_14, minmay_checkerbox,
          uniq_lodul
Temple:   hellmonk_temple_divided_pantheon
Lair:1:   minmay_lair_oklob_chamber, layout_loops_ring,
          nicolae_volcano_entry_hallway, gammafunk_ghost_abyssal_escape,
          patterned_corridor, uniq_fannar
Lair:2:   layout_chaotic_city, gauntlet_entry_generic,
          kennysheep_abandoned_house
Lair:3:   layout_chaotic_city, minmay_shoals_entry_centaurs,
          hellmonk_spider_entry_not_the_bees, minmay_lair_oklob_bushes,
          nicolae_lair_lakeside_cave
Lair:4:   layout_roguey, slime_entry_1, hibernation_bobbens
Lair:5:   minmay_lair_end_frog_pond, layout_layer_cave, gammafunk_ghost_ooze

Skill      XL: |  1  2  3  4  5  6  7  8  9 10 11 12 13 14 |
---------------+-------------------------------------------+-----
Fighting       | 3 4 5 6 7 8 9 10 | 10.5
Armour         | 4 5 6 7 8 9 10 11 12 13 | 13.4
Axes           | 2 3 4 5 6 7 8 9 |  9.5
Shields        | 4 5 6 7 8 9 10 11 12 | 12.4
Invocations    | 2 4 6 8 10 12 13 14 | 14.4

Action                     |  1- 3 |  4- 6 |  7- 9 | 10-12 | 13-15 || total
---------------------------+-------+-------+-------+-------+-------++-------
  Melee: War axe           |   123 |   174 |       |       |       ||   297
         Tailslap          |     9 |    21 |    31 |    84 |    88 ||   233
         Battleaxe         |       |       |   231 |   518 |   402 ||  1151
         Flail             |       |       |       |       |     9 ||     9
  Throw: Throwing net      |       |       |     1 |       |       ||     1
 Invoke: Disaster Area     |       |       |       |       |     1 ||     1
  Evoke: Wand              |       |       |     6 |    21 |       ||    27
    Use: Scroll            |     6 |     1 |    11 |    11 |     7 ||    36
         Potion            |       |     4 |     5 |    10 |    10 ||    29
   Stab: Petrified         |       |       |       |     2 |       ||     2
         Betrayed ally     |       |       |       |     1 |       ||     1
 Armour: Scale mail        |    57 |    72 |   114 |     2 |       ||   245
         Skin              |       |     1 |       |       |       ||     1
         Ring mail         |       |       |       |   161 |       ||   161
         Chain mail        |       |       |       |   170 |   149 ||   319
         Plate armour      |       |       |       |       |   124 ||   124
  Dodge: Dodged            |    36 |    41 |    87 |   210 |   222 ||   596
         Repelled          |       |       |       |     3 |     3 ||     6
  Block: Buckler           |    12 |       |       |       |       ||    12
         Tower shield      |    28 |   148 |       |       |       ||   176
         Other             |       |       |    17 |   134 |   145 ||   296

Table legend: (Time is in decaauts)
 A = Elapsed time spent in this place.
 B = Non-inter-level travel time spent in this place.
 C = Inter-level travel time spent in this place.
 D = Time resting spent in this place.
 E = Time spent auto-exploring this place.
 F = Levels seen in this place.
 G = Mean time per level.
                   A        B        C        D        E       F      G
               +--------+--------+--------+--------+--------+-----+--------+
         Total |  30103 |  29472 |    631 |  12662 |  11111 |  21 | 1433.5 |
       Dungeon |  21720 |  21208 |    512 |   9345 |   7638 |  13 | 1670.8 |
        Temple |     38 |     38 |      0 |      0 |      0 |   1 |   38.0 |
          Lair |   6620 |   6502 |    118 |   2114 |   3419 |   5 | 1324.0 |
       Ossuary |    139 |    139 |      0 |     44 |      0 |   1 |  139.0 |
      Gauntlet |   1584 |   1584 |      0 |   1159 |     54 |   1 | 1584.0 |
               +--------+--------+--------+--------+--------+-----+--------+

Top non-repeatable levels by time:
    D:11: 3728 daAuts
    D:10: 3471 daAuts
     D:9: 2599 daAuts
     D:5: 2383 daAuts
     D:4: 2313 daAuts
  Lair:3: 2289 daAuts
  Lair:4: 1689 daAuts
Gauntlet: 1584 daAuts
     D:8: 1471 daAuts
  Lair:1: 1373 daAuts
     D:3: 1326 daAuts
    D:12: 1245 daAuts
     D:6: 1093 daAuts
  Lair:2: 1051 daAuts
     D:2: 858 daAuts
